 Dungeon Crawl Stone Soup version 0.25.0-46-gbd7b0854d2 (webtiles) character file.

Game seed: 14519190278939577544

3292 Delamore the Basher (level 10, 0/60 HPs)
             Began as a Gargoyle Fighter on July 17, 2020.
             Was a Follower of Okawaru.
             Slain by a two-headed ogre
             ... wielding a cursed -1 giant club
              (1 damage)
             ... on level 8 of the Dungeon.
             The game lasted 00:09:43 (7897 turns).

Delamore the Basher (Gargoyle Fighter)              Turns: 7897, Time: 00:09:44

Health: 0/60       AC: 16    Str: 24    XL:     10   Next: 1%
Magic:  0/10       EV: 14    Int:  8    God:    Okawaru [*.....]
Gold:   414        SH:  0    Dex:  9    Spells: 9/9 levels left

rFire    . . .     SeeInvis .   K - +8 frozen axe "Frostbite" {freezing cloud, *Noise +Fly rC+}
rCold    + . .     Gourm    .   (shield currently unavailable)
rNeg     + . .     Faith    .   B - +1 ring mail {rPois}
rPois    ∞         Spirit   +   (no helmet)
rElec    +         Reflect  .   (no cloak)
rCorr    .         Harm     .   A - +0 pair of gloves
MR       .....                  w - +0 pair of boots
Stlth    ..........             N - amulet of guardian spirit
HPRegen  0.20/turn              u - ring of flight
MPRegen  0.12/turn              c - +4 ring of evasion

@: no status effects
A: negative energy resistance 1, electricity resistance, unbreathing,
petrification resistance, rot immunity, AC +7
a: Heroism, Renounce Religion, Evoke Flight


You were on level 8 of the Dungeon.
You worshipped Okawaru.
Okawaru was aware of your devotion.
You were hungry.

You visited 2 branches of the dungeon, and saw 9 of its levels.
You also visited: Ossuary.

You collected 414 gold pieces.

Inventory:

Hand Weapons
 a - a +0 flail
 m - a +0 hand axe
 G - a +0 flail of protection
 K - the +8 frozen axe "Frostbite" (weapon) {freezing cloud, *Noise +Fly rC+}
   (You found it on level 7 of the Dungeon)

   It has been specially enchanted to freeze those struck by it, causing extra
   injury to most foes and up to half again as much damage against particularly
   susceptible opponents.
   It can also slow down cold-blooded creatures.
   It protects you from cold.
   It lets you fly.
   It may make noises in combat.
Missiles
 b - a throwing net
 I - 2 javelins (quivered)
Armour
 t - a +0 buckler
 w - a +0 pair of boots (worn)
 A - a +0 pair of gloves (worn)
 B - a +1 ring mail of poison resistance (worn)
Jewellery
 c - a +4 ring of evasion (right hand)
 h - an uncursed ring of ice
 u - a ring of flight (left hand)
 H - an uncursed amulet of magic regeneration
 N - an amulet of guardian spirit (around neck)
Wands
 E - a wand of iceblast (8)
 J - a wand of clouds (4)
Scrolls
 e - 3 scrolls of identify
 g - 2 scrolls of magic mapping {unknown}
 i - 2 scrolls of teleportation {unknown}
 n - 4 scrolls of amnesia {unknown}
 o - 2 scrolls of immolation {unknown}
 s - a scroll of fog
 v - 5 scrolls of remove curse {unknown}
 x - 2 scrolls of enchant armour {unknown}
 y - a scroll of random uselessness
 z - a scroll of summoning
 C - 2 scrolls of blinking {unknown}
 L - a scroll of vulnerability {unknown}
Potions
 d - a potion of might
 j - 4 potions of mutation
 k - a potion of heal wounds
 l - 2 potions of flight {unknown}
 p - 3 potions of stabbing
 q - 2 potions of curing {unknown}
 r - 9 potions of degeneration {unknown}
 D - a potion of invisibility
 F - 2 potions of haste
 M - a potion of lignification {unknown}
Comestibles
 f - 18 rations


   Skills:
 + Level 6.1 Fighting
 + Level 1.6(7.3) Axes
 - Level 12.0 Maces & Flails
 - Level 3.2 Armour
 - Level 5.6 Shields


You had 9 spell levels left.
You didn't know any spells.
Your spell library contained the following spells:

 Spells                   Type           Power        Failure   Level  Hunger
 Confusing Touch          Hex            #.......     89%         3    ####...
 Gell's Gravitas          Tloc           #.........   89%         3    ####...
 Petrify                  Tmut/Erth      #.......     100%        4    #####..
 Metabolic Englaciation   Hex/Ice        #.........   100%        5    ######.
 Yara's Violent Unravell  Hex/Tmut       #.........   100%        5    ######.


Dungeon Overview and Level Annotations

Branches:
Dungeon (8/15)             Temple (1/1) D:7         Ossuary (visited)
   Lair: D:8-11

Altars:
Cheibriados
Dithmenos
Elyvilon
Fedhas
Gozag
Hepliaklqana
Kikubaaqudgha
Makhleb
Nemelex Xobeh
Okawaru
Qazlal
Ru
Sif Muna
Trog
Uskayaw
Vehumet
Wu Jian
Xom
Yredelemnul


Innate Abilities, Weirdness & Mutations

You are resistant to torment.
Your stone body is resilient. (AC +7)
You are immune to poison.
You resist negative energy. (rN+)
You are resistant to electric shocks. (rElec)
You can survive without breathing.
You are immune to petrification.
You are immune to rotting.


Message History

You barely miss the two-headed ogre.
The two-headed ogre is moderately wounded.
You closely miss the scorpion. The scorpion misses you.
The two-headed ogre hits you with a cursed -1 giant club.
The two-headed ogre hits you with a +0 giant club.
The scorpion misses you.
You barely miss the two-headed ogre.
The two-headed ogre is moderately wounded.
You hit the scorpion but do no damage.
The two-headed ogre barely misses you. x2
The scorpion stings you but does no damage.
You slash the two-headed ogre! You freeze the two-headed ogre.
The two-headed ogre is heavily wounded.
You closely miss the scorpion. The scorpion misses you.
The two-headed ogre hits you with a cursed -1 giant club!!
* * * LOW HITPOINT WARNING * * *
The two-headed ogre hits you with a +0 giant club.
* * * LOW HITPOINT WARNING * * *
The scorpion stings you but does no damage.
The two-headed ogre hits you with a cursed -1 giant club.
You die...

..#....# .......#
..#...## #......#
.##...####+####......#
.##'####.............#
.....................#
.....................#
..........s..........#
......##.....##s.....#
......##.....##.@....#
.####'##......#.O....#
.##...##......#......#
.......#......#.....)#
s......+......#......#
.......#......#......#
.###+###......#......#
.##...#########......#
......#


You could see a two-headed ogre and a scorpion.

Vanquished Creatures
  Grinder (D:6)
  2 orc warriors
  3 sky beasts
  5 ogres
  3 centaurs
  Blork the orc (D:6)
  A big kobold (D:7)
  A bullfrog (D:6)
  2 elf zombies (Ossuary)
  A scorpion (D:4)
  3 vampire bats (D:4)
  A howler monkey (D:4)
  2 crimson imps
  2 quasits
  4 centaur zombies
  5 hounds
  7 orc priests
  A jelly (D:6)
  A bullfrog skeleton (D:6)
  3 centaur skeletons
  2 iguanas
  5 worker ants
  6 orc wizards
  A big kobold zombie (Ossuary)
  4 hound zombies (Ossuary)
  4 mummies
  11 adders
  3 oozes
  4 adder zombies
  A worm (D:2)
  A dart slug (D:1)
  4 leopard geckos
  19 orcs
  2 bat skeletons (D:4)
  3 bat zombies (D:4)
  3 giant cockroaches
  A gnoll zombie (Ossuary)
  5 goblins
  6 hobgoblins (D:1)
  2 jackals (D:5)
  3 quokkas
  A ball python (D:1)
  13 bats
  6 frilled lizards
  4 goblin zombies (Ossuary)
  2 hobgoblin zombies (Ossuary)
  A jackal skeleton (D:5)
  3 jackal zombies (Ossuary)
  13 kobolds
  3 kobold zombies (Ossuary)
  A leopard gecko skeleton (D:4)
  An orc zombie (Ossuary)
  3 quokka skeletons
  5 quokka zombies
  7 rats
  3 rat zombies (Ossuary)
205 creatures vanquished.

Notes
Turn   | Place    | Note
-------+----------+-------------------------------------------
     0 | D:1      | Delamore the Gargoyle Fighter began the quest for the Orb.
     0 | D:1      | Reached XP level 1. HP: 14/14 MP: 1/1
   121 | D:1      | Reached XP level 2. HP: 19/19 MP: 2/2
   206 | D:1      | Reached skill level 3 in Maces & Flails
   390 | D:1      | Reached XP level 3. HP: 20/23 MP: 3/3
  1162 | D:2      | Reached skill level 4 in Maces & Flails
  1368 | D:2      | Reached XP level 4. HP: 28/28 MP: 4/4
  2196 | D:3      | Reached skill level 5 in Maces & Flails
  2280 | D:3      | Reached XP level 5. HP: 32/32 MP: 5/5
  2323 | D:3      | Found an opulent altar of Gozag.
  2403 | D:4      | Found a sand-covered staircase.
  2407 | Ossuary  | Entered an ossuary
  2563 | Ossuary  | Reached skill level 6 in Maces & Flails
  2563 | Ossuary  | Reached XP level 6. HP: 36/37 MP: 6/6
  2738 | Ossuary  | Reached skill level 7 in Maces & Flails
  2752 | Ossuary  | Reached XP level 7. HP: 39/41 MP: 7/7
  3401 | D:4      | Reached skill level 8 in Maces & Flails
  3866 | D:4      | Reached skill level 9 in Maces & Flails
  3869 | D:4      | Reached XP level 8. HP: 40/46 MP: 8/8
  3923 | D:4      | Found an ancient bone altar of Kikubaaqudgha.
  4032 | D:5      | Entered Level 5 of the Dungeon
  4107 | D:5      | Found a stormy altar of Qazlal.
  4202 | D:5      | Found a shimmering altar of Xom.
  4452 | D:5      | Reached skill level 10 in Maces & Flails
  5106 | D:6      | Noticed Grinder
  5138 | D:6      | Killed Grinder
  5138 | D:6      | Reached skill level 11 in Maces & Flails
  5138 | D:6      | Reached XP level 9. HP: 34/51 MP: 9/9
  5353 | D:6      | Noticed Blork the orc
  5366 | D:6      | Killed Blork the orc
  5396 | D:6      | Found a radiant altar of Vehumet.
  6185 | D:5      | Reached skill level 12 in Maces & Flails
  6206 | D:7      | Found a staircase to the Ecumenical Temple.
  6220 | Temple   | Entered the Ecumenical Temple
  6351 | Temple   | Became a worshipper of Warmaster Okawaru
  6383 | D:7      | Found a bloodstained altar of Trog.
  6713 | D:7      | Reached * piety under Okawaru
  6832 | D:7      | Found the +8 frozen axe "Frostbite" {freezing cloud, *Noise
                  | +Fly rC+}
  6909 | D:7      | Found a sacrificial altar of Ru.
  6913 | D:7      | Reached skill level 5 in Fighting
  6913 | D:7      | Reached skill level 5 in Shields
  7182 | D:7      | Found a snail-covered altar of Cheibriados.
  7485 | D:8      | Reached skill level 1 in Axes
  7621 | D:8      | Noticed a two-headed ogre
  7626 | D:8      | Reached XP level 10. HP: 47/60 MP: 8/10
  7897 | D:8      | HP: 1/60 [two-headed ogre/cursed -1 giant club (4)]
  7897 | D:8      | Slain by a two-headed ogre

Illustrated notes

Levels and vault maps discovered:
D:1:      psy_arrival_whirlpool, layout_basic, st_stairs_14, grunt_decor_cap
D:2:      layout_basic, minmay_pentomino_x4
D:3:      layout_rooms, grunt_gozag_statues, serial_park_tiny_2,
          grunt_ministairs_12
D:4:      layout_rooms, kennysheep_vampire_church, enter_ossuary_5, first_ration
D:5:      layout_basic, kennysheep_mini_moat, grunt_qazlal_clouds,
          glass_columns_a
D:6:      layout_basic, nicolae_overflow_crystal_walls,
          kennysheep_generic_room_8, uniq_blork_the_orc, uniq_grinder
D:7:      layout_rooms, lemuel_crystal_altar, slow_altar_2,
          minmay_temple_entry_large_hall, grunt_ogre_cave, roderic_lattice_a,
          nicolae_ru_sacrificial_ziggurat
D:8:      layout_gridville, zin_angel, nicolae_tso_swordbearing_angel,
          minmay_door_square, kennysheep_dice, uniq_pikel
Temple:   hc_temple_tempest_star

Skill      XL: |  1  2  3  4  5  6  7  8  9 |
---------------+----------------------------+-----
Maces & Flails | 3 4 5 6 7 9 11 12 | 12.0
Fighting       | 6 |  6.1
Shields        | 5 |  5.6
Axes           | 1 |  1.6
Armour         | |  3.2

Action                   |  1- 3 |  4- 6 |  7- 9 | 10-12 || total
-------------------------+-------+-------+-------+-------++-------
Melee: Flail             |   144 |   209 |   526 |       ||   879
       Executioner's axe |       |       |    37 |     7 ||    44
Throw: Javelin           |       |       |     6 |       ||     6
  Use: Scroll            |       |       |     8 |       ||     8
  Eat: Chunk             |     2 |     4 |    17 |       ||    23
Armor: Scale mail        |   102 |   133 |     8 |       ||   243
       Ring mail         |       |       |   285 |     5 ||   290
Dodge: Dodged            |    57 |    97 |   370 |    16 ||   540
Block: Kite shield       |   102 |     4 |       |       ||   106
       Buckler           |       |    37 |   115 |       ||   152
